 Dungeon Sprint DCSS version 0.29-a0-468-ge57f7f99b4 (webtiles) character file.

Game seed: 5102396296091949061

376 mhtbhm the Spear-Bearer (level 6, 0/100 HPs)
             Began as a Minotaur Berserker on May 21, 2022.
             Was an Elder of Trog.
             Slain by a human (4 damage)
             ... in the Dungeon (Sprint III: "The Ten Rune Challenge").
             The game lasted 00:01:21 (748 turns).

mhtbhm the Spear-Bearer (Minotaur Berserker)         Turns: 748, Time: 00:01:22

Health: 0/100      AC:  3    Str: 24    XL:     6   Next: 44%
Magic:  5/5        EV: 13    Int:  4    God:    Trog [****..]
Gold:   34         SH:  0    Dex:  9    Spells: 5/5 levels left

rFire   . . .      SeeInvis .   a - +0 spear
rCold   . . .      Faith    .   (no shield)
rNeg    . . .      Spirit   .   b - +0 animal skin
rPois   .          Reflect  .   (helmet restricted)
rElec   .          Harm     .   (no cloak)
rCorr   .          Rampage  .   i - +0 pair of gloves
Will    .....      NoTele   +   (no boots)
Stlth   ..........              (no amulet)
HPRegen 0.26/turn               (no ring)
MPRegen 0.09/turn               (no ring)

@: berserking (expiring), very quick
A: horns 2, retaliatory headbutt
a: Renounce Religion, Berserk, Trog's Hand, Brothers in Arms


You were in the Dungeon.
You worshipped Trog.
Trog was greatly pleased with you.
You visited 1 branch You collected 34 gold pieces.

Inventory:

Hand Weapons
 a - a +0 spear (weapon)
Armour
 b - a +0 animal skin (worn)
 i - a +0 pair of gloves (worn)
Scrolls
 h - a scroll of blinking
 j - a scroll of poison {unknown}
 k - 2 scrolls of identify
 l - a scroll of immolation {unknown}
 m - a scroll of enchant armour {unknown}
Potions
 c - a potion of curing
 d - 3 potions of heal wounds
 e - a potion of haste
 f - 2 potions of magic
 g - a potion of berserk rage
 n - a potion of degeneration {unknown}
 o - a potion of flight {unknown}
 p - 5 potions of mutation


   Skills:
 + Level 10.3 Fighting
 + Level 11.2 Polearms
 + Level 5.8 Armour
 + Level 6.2 Dodging
 + Level 0.2 Stealth


You had 5 spell levels left.
You didn't know any spells.
Your spell library was empty.

Dungeon Overview and Level Annotations

Branches:
Dungeon (1/1)

Altars:
Dithmenos
Elyvilon
Kikubaaqudgha
Okawaru
Ru
Sif Muna
Trog
Uskayaw
Vehumet
Wu Jian
Yredelemnul
Zin
The Shining One
Beogh


Innate Abilities, Weirdness & Mutations

You have a pair of horns on your head.
You reflexively headbutt those who attack you in melee.


Message History

You puncture the human! You headbutt the human!
The human is severely wounded.
The fire elemental barely misses you.
Unknown command.
You barely miss the human.
The human is severely wounded.
The human hits you but does no damage.
You miss the human.
The human is severely wounded.
The fire elemental hits you. The fire elemental burns you!
* * * LOW HITPOINT WARNING * * *
The human hits you.
* * * LOW HITPOINT WARNING * * *
You impale the human!!
You kill the human!
Trog accepts your kill. The fire elemental misses you.
Your Fighting skill increases to level 10!
Your Polearms skill increases to level 11!
Your Dodging skill increases to level 6!
You have reached level 6!
Unknown command.
You closely miss the human. The human hits you.
* * * LOW HITPOINT WARNING * * *
You puncture the human!
The human is heavily wounded.
The human hits you but does no damage.
There is an open door, spattered with blood here.
You see here a human corpse.
You hit the human.
The human is heavily wounded.
The fire elemental hits you.
* * * LOW HITPOINT WARNING * * *
The fire elemental burns you!
* * * LOW HITPOINT WARNING * * *
Unknown command.
You barely miss the human.
The human is heavily wounded.
The human hits you.
You die...

▓▓ ▓▓▓ .####
##.############
....#####..#___#___#__#
.....#..#..#!.e#__)#._#
##...#..#..###☼#@###)##
###..##'#..#...Ep.....#
.##..###...'.⌠........#
##.†####...#...######+#
##..###....#.⌠.#
#...##.....#...#
....#†.....#)###
..##.#.....#.::# ..
####....#___#


You could see a fire elemental (summoned) and a human (strong).

Vanquished Creatures
  A necrophage (D)
  A water elemental (D)
  Jessica (D)
  A wizard (D)
  A necromancer (D)
  2 humans (D)
  A kobold demonologist (D)
  A phantom (D)
  3 rats (D)
12 creatures vanquished.

Vanquished Creatures (others)
  2 plants (D)
2 creatures vanquished.

Grand Total: 14 creatures vanquished

Notes
Turn   | Place    | Note
-------+----------+-------------------------------------------
     0 | D        | mhtbhm the Minotaur Berserker began the quest for the Orb.
     0 | D        | Reached XP level 1. HP: 19/19 MP: 0/0
     9 | D        | Reached skill level 4 in Polearms
    25 | D        | Noticed Jessica
    31 | D        | Killed Jessica
    31 | D        | Reached ** piety under Trog
    32 | D        | Reached skill level 5 in Fighting
    32 | D        | Reached skill level 5 in Polearms
    32 | D        | Reached XP level 2. HP: 30/30 MP: 1/1
   193 | D        | Reached skill level 6 in Polearms
   193 | D        | Reached XP level 3. HP: 37/37 MP: 2/2
   302 | D        | Noticed a water elemental
   309 | D        | Killed a water elemental
   309 | D        | Reached *** piety under Trog
   310 | D        | Reached skill level 8 in Polearms
   310 | D        | Reached XP level 4. HP: 47/47 MP: 3/3
   376 | D        | Found a basalt altar of Yredelemnul.
   376 | D        | Found a shadowy altar of Dithmenos.
   376 | D        | Found a sacrificial altar of Ru.
   376 | D        | Noticed a necrophage
   382 | D        | Killed a necrophage
   383 | D        | Reached skill level 9 in Polearms
   383 | D        | Reached XP level 5. HP: 9/56 MP: 4/4
   384 | D        | Reached skill level 5 in Armour
   654 | D        | Found a radiant altar of Vehumet.
   654 | D        | Found a shimmering blue altar of Sif Muna.
   654 | D        | Found an ancient bone altar of Kikubaaqudgha.
   671 | D        | Reached **** piety under Trog
   674 | D        | Reached skill level 10 in Polearms
   674 | D        | Reached skill level 5 in Dodging
   728 | D        | Found a hide-covered altar of Uskayaw.
   728 | D        | Found an iron altar of Okawaru.
   728 | D        | Found a bloodstained altar of Trog.
   728 | D        | Found an ornate altar of the Wu Jian Council.
   728 | D        | Noticed a human
   728 | D        | Noticed a human
   729 | D        | Found a glowing silver altar of Zin.
   729 | D        | Found a glowing golden altar of the Shining One.
   729 | D        | Found a white marble altar of Elyvilon.
   729 | D        | Noticed a deep elf pyromancer
   730 | D        | Noticed a fire elemental
   730 | D        | Noticed a fire elemental
   743 | D        | Killed a human
   744 | D        | Reached skill level 10 in Fighting
   744 | D        | Reached skill level 11 in Polearms
   744 | D        | Reached XP level 6. HP: 17/67 MP: 5/5
   747 | D        | HP: 4/100 [fire elemental[a deep elf pyromancer] (11)]
   748 | D        | Slain by a human

Illustrated notes

Levels and vault maps discovered:
D:        dungeon_sprint_mu [sprint_mu_entry_cave, sprint_mu_temple_rooms,
          sprint_mu_d1_spiders, sprint_mu_d2_genie, sprint_mu_d3_branching,
          sprint_mu_orc_legion, sprint_mu_elf_gauntlet, sprint_mu_hive_nellie,
          sprint_mu_lair_fedhas, sprint_mu_vaults_butterflies,
          sprint_mu_slime_circle, sprint_mu_swamp_cave, sprint_mu_snake_twists,
          sprint_mu_blade_basic, sprint_mu_crypt_lich, sprint_mu_tomb_spiral,
          sprint_mu_vestibule_basic, sprint_mu_gehenna_hellfire,
          sprint_mu_dis_giant, sprint_mu_tartarus_statrot,
          sprint_mu_cocytus_islands, sprint_mu_zot1]

Skill      XL: |  1  2  3  4  5 |
---------------+----------------+-----
Polearms       | 5 6 8 9 11 | 11.2
Fighting       | 5 6 7 8 10 | 10.3
Armour         | 3 4 5 |  5.8
Dodging        | 3 4 6 |  6.2
Stealth        | |  0.2

Action                   |  1- 3 |  4- 6 || total
-------------------------+-------+-------++-------
Melee: Spear             |    18 |    42 ||    60
       Headbutt          |     2 |     3 ||     5
       Punch             |       |     1 ||     1
Invok: Berserk           |     3 |     2 ||     5
Armor: Animal skin       |     1 |     7 ||     8
Dodge: Dodged            |     4 |    21 ||    25

Table legend: (Time is in decaauts)
 A = Elapsed time spent in this place.
 B = Non-inter-level travel time spent in this place.
 C = Inter-level travel time spent in this place.
 D = Time resting spent in this place.
 E = Time spent auto-exploring this place.
 F = Levels seen in this place.
 G = Mean time per level.
                   A        B        C        D        E       F      G
               +--------+--------+--------+--------+--------+-----+--------+
         Total |    761 |    761 |      0 |    609 |     25 |   1 |  761.0 |
       Dungeon |    761 |    761 |      0 |    609 |     25 |   1 |  761.0 |
               +--------+--------+--------+--------+--------+-----+--------+

Top non-repeatable levels by time:
       D: 761 daAuts
